 Dungeon Sprint DCSS version 0.21.1-1-g345015f (webtiles) character file.

5884 Fang the Severer (level 10, -1/74 HPs)
             Began as a Gargoyle Berserker on May 24, 2018.
             Was the Champion of Trog.
             Slain by a death yak (18 damage)
             ... in the Dungeon (Sprint IX: "|||||||||||||||||||||||||||||").
             The game lasted 00:02:48 (775 turns).

Fang the Severer (Gargoyle Berserker)                Turns: 775, Time: 00:02:49

Health: -1/74      AC: 21    Str: 30    XL:     10   Next: 82%
Magic:  3/3        EV: 12    Int:  8    God:    Trog [******]
Gold:   14         SH:  0    Dex:  9    Spells: 9/9 levels left

rFire    . . .     SeeInvis .   a - +3 battleaxe (antimagic)
rCold    . . .     Gourm    .   (shield currently unavailable)
rNeg     + . .     Faith    .   q - +1 chain mail
rPois    ∞         Spirit   .   (helmet restricted)
rElec    +         Reflect  .   (no cloak)
rCorr    .         Harm     .   (no gloves)
MR       .....     NoTele   +   (no boots)
Stlth    ..........             (no amulet)
HPRegen  0.22/turn              o - +3 ring of strength
MPRegen  0.08/turn              p - +3 ring of strength

@: berserk cooldown, slowed, very slow
A: horns 1, iridescent scales 1, negative energy resistance 1, electricity
resistance, unbreathing, petrification resistance, rot immunity, AC +7
a: Berserk, Trog's Hand, Brothers in Arms, Burn Spellbooks, Renounce Religion


You were in the Dungeon.
You worshipped Trog.
Trog was exalted by your worship.
You were hungry.

You visited 1 branch You collected 14 gold pieces.

Inventory:

Hand Weapons
 a - a +3 antimagic battleaxe (weapon)
 n - the +3 war axe "Netuw" {elec, Int+3 SInv}
   (You found it in the Dungeon)

   Occasionally, upon striking a foe, it will discharge some electrical energy
   and cause terrible harm.
   It affects your intelligence (+3).
   It lets you see invisible.
 r - the +3 executioner's axe of the Dragonfly {freeze, SInv}
   (Trog gifted it to you in the Dungeon)

   It has been specially enchanted to freeze those struck by it, causing extra
   injury to most foes and up to half again as much damage against particularly
   susceptible opponents.
   It can also slow down cold-blooded creatures.
   It lets you see invisible.
Armour
 q - a +1 chain mail (worn)
Jewellery
 o - a +3 ring of strength (left hand)
 p - a +3 ring of strength (right hand)
Wands
 m - a wand of acid (10)
Scrolls
 i - 2 scrolls of blinking
 l - 5 scrolls of remove curse
 s - 2 scrolls of enchant armour
 t - a scroll of fog
 u - 2 scrolls of enchant weapon
Potions
 b - a potion of might
 d - 4 potions of curing
 e - 4 potions of heal wounds
 f - a potion of haste
 g - 4 potions of magic
 h - 2 potions of berserk rage
 k - a potion of invisibility
Comestibles
 c - a ration


   Skills:
 + Level 13.7 Fighting
 + Level 16.4 Axes
 + Level 9.4 Armour
 + Level 6.8 Dodging
 + Level 4.1 Stealth


You had 9 spell levels left.
You didn't know any spells.

Dungeon Overview and Level Annotations

Branches:
Dungeon (1/1)

Altars:
Cheibriados
Dithmenos
Elyvilon
Fedhas
Gozag
Hepliaklqana
Kikubaaqudgha
Makhleb
Nemelex Xobeh
Okawaru
Qazlal
Ru
Sif Muna
Trog
Uskayaw
Vehumet
Wu Jian
Xom
Yredelemnul
Zin
The Shining One
Beogh
Jiyva
Lugonu


Innate Abilities, Weirdness & Mutations

You are resistant to torment.
Your stone body is resilient. (AC +7)
You are immune to poison.
You resist negative energy. (rN+)
You are resistant to electric shocks. (rElec)
You can survive without breathing.
You are immune to petrification.
You are immune to rotting.
You have a pair of small horns on your head.
You are partially covered in iridescent scales. (AC +2)


Message History

The death yak gores you! x2
You are too injured to fight recklessly!
You are too injured to fight recklessly!
You are too injured to fight recklessly!
You are too injured to fight recklessly!
You are too injured to fight recklessly!
You are too injured to fight recklessly!
You are too injured to fight recklessly!
You are too injured to fight recklessly!
You are too injured to fight recklessly!
You are too injured to fight recklessly!
You slash the death yak! You headbutt the death yak.
The death yak is moderately wounded.
The yak snorts and paws the ground.
The death yak gores you!
* * * LOW HITPOINT WARNING * * *
You slice the death yak!!
The death yak is severely wounded.
The death yak gores you!!
You die...

▓.▓.▓_▓
▓.▓.▓_▓
▓.▓.▓_▓
▓.▓.▓_▓
▓.▓.▓_▓
▓.▓.▓_▓
▓)▓.▓_▓
▓'▓.▓'▓
▓@▓.▓.▓
▓Y▓.▓?▓
▓Y▓.▓|▓
▓Y▓.▓)▓
▓Y▓.▓[▓
▓Y▓.▓[▓
▓.▓.▓[▓
▓.▓.▓.▓
▓.▓.▓


You could see 4 death yaks and a yak.

Vanquished Creatures
  2 hydras (D)
  A catoblepas (D)
  A death yak (D)
  A spiny frog (D)
  A komodo dragon (D)
  A troll (D)
  A blink frog (D)
  A hippogriff (D)
  A wyvern (D)
  3 yaks (D)
  A hungry ghost (D)
  A basilisk (D)
  5 water moccasins (D)
  2 porcupines (D)
  A sky beast (D)
  3 crocodiles (D)
  A bullfrog (D)
  A hound (D)
  A jelly (D)
  An iguana (D)
  2 worker ants (D)
  2 adders (D)
  A shadow imp (D)
  2 orcs (D)
  A bat (D)
  A bat skeleton (D)
  A goblin (D)
  A jackal (D)
  2 rats (D)
43 creatures vanquished.

Notes
Turn   | Place    | Note
-------+----------+-------------------------------------------
     0 | D        | Fang the Gargoyle Berserker began the quest for the Orb.
     0 | D        | Reached XP level 1. HP: 14/14 MP: 1/1
     4 | D        | Reached skill level 3 in Axes
     8 | D        | Reached ** piety under Trog
    42 | D        | Noticed a hound
    42 | D        | Noticed a worker ant
    48 | D        | Reached XP level 2. HP: 20/20 MP: 2/2
    51 | D        | Reached *** piety under Trog
    55 | D        | Reached skill level 5 in Fighting
    55 | D        | Reached skill level 4 in Axes
    55 | D        | Reached XP level 3. HP: 26/26 MP: 3/3
    56 | D        | Reached skill level 5 in Axes
    61 | D        | Reached XP level 4. HP: 27/32 MP: 4/4
    96 | D        | Found a roughly hewn altar of Beogh.
    96 | D        | Found a snail-covered altar of Cheibriados.
    96 | D        | Found a shadowy altar of Dithmenos.
    96 | D        | Found a white marble altar of Elyvilon.
    96 | D        | Found a blossoming altar of Fedhas.
    96 | D        | Found an opulent altar of Gozag.
    97 | D        | Found a hazy altar of Hepliaklqana.
    98 | D        | Found a viscous altar of Jiyva.
    99 | D        | Found an ancient bone altar of Kikubaaqudgha.
   100 | D        | Found a corrupted altar of Lugonu.
   101 | D        | Found a burning altar of Makhleb.
   102 | D        | Found a sparkling altar of Nemelex Xobeh.
   103 | D        | Found an iron altar of Okawaru.
   104 | D        | Found a stormy altar of Qazlal.
   105 | D        | Found a sacrificial altar of Ru.
   106 | D        | Found a deep blue altar of Sif Muna.
   107 | D        | Found a bloodstained altar of Trog.
   108 | D        | Found a hide-covered altar of Uskayaw.
   109 | D        | Found a radiant altar of Vehumet.
   110 | D        | Found an ornate altar of the Wu Jian Council.
   111 | D        | Found a shimmering altar of Xom.
   112 | D        | Found a basalt altar of Yredelemnul.
   113 | D        | Found a glowing silver altar of Zin.
   114 | D        | Found a glowing golden altar of the Shining One.
   133 | D        | Got the +3 war axe "Netuw" {elec, Int+3 SInv}
   161 | D        | Noticed a troll
   169 | D        | Reached **** piety under Trog
   172 | D        | Reached skill level 6 in Axes
   176 | D        | Killed a troll
   176 | D        | Reached skill level 8 in Axes
   176 | D        | Reached XP level 5. HP: 34/41 MP: 5/5
   176 | D        | Reached XP level 6. HP: 38/46 MP: 6/6
   182 | D        | Reached skill level 9 in Axes
   182 | D        | Reached skill level 5 in Armour
   184 | D        | Reached ***** piety under Trog
   339 | D        | Noticed a hungry ghost
   339 | D        | Noticed a yak
   339 | D        | Noticed a sky beast
   339 | D        | Noticed a wyvern
   344 | D        | Killed a hungry ghost
   344 | D        | Reached skill level 10 in Fighting
   344 | D        | Reached XP level 7. HP: 52/52 MP: 7/7
   348 | D        | Killed a yak
   348 | D        | Received a gift from Trog
   348 | D        | Reached skill level 10 in Axes
   352 | D        | Reached skill level 5 in Dodging
   364 | D        | Killed a wyvern
   364 | D        | Reached skill level 11 in Axes
   364 | D        | Reached XP level 8. HP: 60/60 MP: 8/8
   510 | D        | Gained mutation: You are partially covered in iridescent scales. (AC +2) [potion of mutation]
   510 | D        | Gained mutation: You have a pair of small horns on your head. [potion of mutation]
   516 | D        | Noticed a spiny frog
   526 | D        | Noticed a komodo dragon
   526 | D        | Killed a spiny frog
   526 | D        | Received a gift from Trog
   526 | D        | Reached skill level 12 in Axes
   532 | D        | Reached XP level 9. HP: 65/65 MP: 3/9
   541 | D        | Killed a komodo dragon
   541 | D        | Reached skill level 13 in Axes
   589 | D        | Noticed a six-headed hydra
   589 | D        | Noticed a seven-headed hydra
   593 | D        | Killed a nine-headed hydra
   593 | D        | Reached skill level 14 in Axes
   595 | D        | Received a gift from Trog
   602 | D        | Killed a ten-headed hydra
   602 | D        | Reached skill level 15 in Axes
   602 | D        | Reached XP level 10. HP: 73/73 MP: 3/10
   604 | D        | Reached ****** piety under Trog
   621 | D        | Got a pitted executioner's axe {god gift}
   622 | D        | Identified the +3 executioner's axe of the Dragonfly {freeze, SInv} (Trog gifted it to you in the Dungeon)
   752 | D        | Noticed a death yak
   752 | D        | Noticed a catoblepas
   752 | D        | Noticed a death yak
   752 | D        | Noticed a death yak
   752 | D        | Noticed a death yak
   758 | D        | Killed a death yak
   758 | D        | Received a gift from Trog
   758 | D        | Reached skill level 16 in Axes
   759 | D        | Noticed a death yak
   764 | D        | Killed a catoblepas
   775 | D        | Slain by a death yak

Skill      XL: |  1  2  3  4  5  6  7  8  9 10 |
---------------+-------------------------------+-----
Axes           | 3 4 5 8 9 11 12 15 16 | 16.4
Fighting       | 4 5 6 9 10 11 13 | 13.7
Dodging        | 2 4 5 6 |  6.8
Armour         | 3 4 5 6 7 8 9 |  9.4
Stealth        | 4 |  4.1

Action                   |  1- 3 |  4- 6 |  7- 9 | 10-12 || total
-------------------------+-------+-------+-------+-------++-------
Melee: Hand axe          |    27 |       |       |       ||    27
       War axe           |       |    24 |    19 |       ||    43
       Battleaxe         |       |       |    35 |    28 ||    63
       Headbutt          |       |       |     6 |    10 ||    16
Invok: Berserk           |     1 |     2 |     2 |     1 ||     6
  Use: Potion            |       |       |     1 |     3 ||     4
 Stab: Petrified         |       |       |       |     5 ||     5
  Eat: Chunk             |       |       |     4 |     1 ||     5
Armor: Animal skin       |     4 |       |       |       ||     4
       Chain mail        |       |    13 |    24 |     8 ||    45
Dodge: Dodged            |    16 |     4 |    23 |     6 ||    49
